 Dungeon Crawl Stone Soup version 0.18-b1-22-ge198996 (webtiles) character file.

46 varam the Ruffian (level 3, -3/33 HPs)
             Began as a Troll Transmuter on May 3, 2016.
             Slain by a goblin
             ... wielding a +0 club
             ... led by Robin
              (6 damage)
             ... on level 1 of the Dungeon.
             The game lasted 00:03:55 (1120 turns).

varam the Ruffian (Troll Transmuter)                Turns: 1120, Time: 00:03:55

Health: -3/33      AC:  5    Str: 18    XL:     3   Next: 44%
Magic:  3/4        EV: 10    Int:  9    God:
Gold:   54         SH:  0    Dex: 11    Spells: 2 memorised, 1 level left

rFire  . . .     SeeInvis .       - Unarmed
rCold  . . .     Gourm    +     b - +0 robe
rNeg   . . .     Faith    .     (no shield)
rPois  .         Spirit   .     (helmet restricted)
rElec  .         Dismiss  .     (no cloak)
rCorr  .         Reflect  .     (gloves unavailable)
SustAt .         Harm     .     (boots unavailable)
MR     .....                    (no amulet)
Stlth  +.........               (no ring)
                                (no ring)

@: appendage (expiring), not resistant to hostile enchantments, very unstealthy
A: unfitting armour, claws 3, talons 3, fast metabolism 3, gourmand,
regeneration 2, shaggy fur 1, tough skin 2
a: End Transformation


You were on level 1 of the Dungeon.
You were very full.
You had grown temporary talons.
You visited 1 branch of the dungeon, and saw 2 of its levels.

You collected 54 gold pieces.

Inventory:

Missiles
 a - 31 arrows
Armour
 b - a +0 robe (worn)
Jewellery
 k - an uncursed ring of protection from magic {unknown}
Scrolls
 e - 2 scrolls of remove curse {unknown}
 h - a scroll of recharging {unknown}
 i - a scroll of blinking {unknown}
Potions
 g - a potion of lignification {unknown}
 j - a potion of flight {unknown}
 l - a potion of mutation {unknown}
Books
 c - a book of Changes

   Spells                             Type                      Level
   a - Beastly Appendage              Transmutation                1
   b - Sticks to Snakes               Transmutation                2
   c - Spider Form                    Transmutation/Poison         3
   d - Ice Form                       Ice/Transmutation            4
   e - Blade Hands                    Transmutation                5
Comestibles
 d - 3 bread rations
 f - a meat ration


   Skills:
 + Level 1.6 Fighting
 - Level 2.1 Dodging
 - Level 3.5 Unarmed Combat
 + Level 1.3 Spellcasting
 + Level 1.3 Transmutations


You had one spell level left.
You knew the following spells:

 Your Spells              Type           Power        Failure   Level  Hunger
a - Beastly Appendage     Trmt           #.....       21%         1    ##.....
b - Sticks to Snakes      Trmt           #.......     34%         2    ###....


Dungeon Overview and Level Annotations

Branches:
Dungeon (2/15)

Altars:

Annotations:
D:2 Robin


Innate Abilities, Weirdness & Mutations

You are too large for most types of armour.
You have claws for hands.
Your metabolism is lightning-fast.
You like to eat raw meat.
You heal very quickly.
You are covered in fur (AC +1).
You have very tough skin (AC +2).
You have claws for feet.


Message History

You completely miss the goblin. The hobgoblin hits you with a club.
The goblin barely misses you. The goblin hits you but does no damage.
The hobgoblin hits you with a club. The goblin hits you with a club.
You climb upwards.
There is a stone staircase leading down here.
You barely miss the goblin. The hobgoblin hits you with a club.
The goblin barely misses you. The goblin hits you with a club.
* * * LOW HITPOINT WARNING * * *
You are too injured to fight recklessly!
You barely miss the goblin. Your kick misses the goblin.
The hobgoblin hits you but does no damage.
The goblin hits you.
* * * LOW HITPOINT WARNING * * *
You claw the goblin!
You kill the goblin!
The goblin closely misses you. The hobgoblin hits you with a club.
* * * LOW HITPOINT WARNING * * *
You closely miss the goblin. Your claw misses the goblin.
The goblin hits you with a club.
You die...

.## ##......#.#
..####.........#
...............#
...............#
.........##..#.###
.........#.......#
..............##.#
...#...........#g#
..#⌠#...........@#
#.#.#........##g##
#....#.......##.#
####.#.......##.#
####..####...##.#
..###.# #.####.#
..# #.# #.# #.#
..# #.## #.# #.#
..# #..# #.# #.#


You could see a hobgoblin and a goblin.

Vanquished Creatures
  An adder (D:2)
  3 dart slugs (D:1)
  A ball python (D:1)
  9 goblins
  6 hobgoblins
  4 giant newts (D:1)
  2 kobolds (D:2)
  4 rats
30 creatures vanquished.

Notes
Turn   | Place    | Note
--------------------------------------------------------------
     0 | D:1      | varam the Troll Transmuter began the quest for the Orb.
     0 | D:1      | Reached XP level 1. HP: 18/18 MP: 1/1
   376 | D:1      | Reached skill level 1 in Fighting
   487 | D:1      | Reached XP level 2. HP: 27/27 MP: 0/2
   582 | D:1      | Learned a level 2 spell: Sticks to Snakes
  1011 | D:2      | Reached XP level 3. HP: 33/33 MP: 1/3
  1067 | D:2      | Noticed Robin
  1120 | D:1      | Slain by a goblin

Skill      XL: |  1  2 |
---------------+-------+-----
Fighting       | 1 |  1.6
Dodging        | 2 |  2.1
Unarmed Combat | |  3.5
Spellcasting   | |  1.3
Transmutations | |  1.3

Action                   || total
-------------------------++-------
Melee: Unarmed           ||    61
       Kick              ||     8
 Cast: Beastly Appendage ||    15
  Eat: Chunk             ||    15
Armor: Robe              ||    16
Dodge: Dodged            ||    30
